 Dungeon Crawl Stone Soup version 0.28.0 (webtiles) character file.

Game seed: 7278562419118461972

85 magipi the Skirmisher (level 4, -2/38 HPs)
             Began as a Minotaur Brigand on Feb 9, 2022.
             Slain by Grinder (8 damage)
             ... on level 3 of the Dungeon.
             The game lasted 00:07:19 (1994 turns).

magipi the Skirmisher (Minotaur Brigand)            Turns: 1994, Time: 00:07:19

Health: -2/38      AC:  9    Str: 14 (16) XL:     4   Next: 25%
Magic:  3/3        EV:  6    Int:  7 (8)  God:
Gold:   185        SH:  0    Dex: 11 (13) Spells: 3/3 levels left

rFire   . . .      SeeInvis .   b - +2 long sword (elec)
rCold   . . .      Faith    .   (no shield)
rNeg    . . .      Spirit   .   o - +0 chain mail
rPois   .          Reflect  .   (helmet restricted)
rElec   .          Harm     .   c - +0 cloak
rCorr   .          Rampage  .   (no gloves)
Will    .....                   (no boots)
Stlth   ..........              (no amulet)
HPRegen 0.12/turn               (no ring)
MPRegen 0.08/turn               (no ring)

@: hasted, very quick
A: horns 2, retaliatory headbutt
a: no special abilities


You were on level 3 of the Dungeon.
You visited 1 branch of the dungeon, and saw 3 of its levels.

You collected 185 gold pieces.

Inventory:

Hand Weapons
 a - a +2 dagger
 b - a +2 long sword of electrocution (weapon)
   (You found it on level 2 of the Dungeon)
 g - a +0 hand axe of freezing
   (You found it on level 1 of the Dungeon)
Missiles
 d - 14 poisoned darts (quivered)
 e - 2 curare-tipped darts
Armour
 c - a +0 cloak (worn)
 o - a +0 chain mail (worn)
   (You found it on level 3 of the Dungeon)
Scrolls
 f - a scroll of magic mapping {unknown}
 i - 3 scrolls of identify {unknown}
 j - a scroll of enchant armour {unknown}
 m - a scroll of enchant weapon {unknown}
Potions
 l - a potion of lignification {unknown}
 n - 2 potions of haste


   Skills:
 + Level 3.4 Fighting
 - Level 2.1(2.3) Short Blades
 * Level 1.0(1.8) Long Blades
 - Level 2.7 Axes
 + Level 3.0 Throwing
 - Level 1.1 Dodging
 - Level 3.2 Stealth


You had 3 spell levels left.
You didn't know any spells.
Your spell library was empty.

Dungeon Overview and Level Annotations

Branches:
Dungeon (3/15)

Altars:

Annotations:
D:3 Grinder


Innate Abilities, Weirdness & Mutations

You have a pair of horns on your head.
You reflexively headbutt those who attack you in melee.


Message History

You now have 167 gold pieces (gained 12).
You start removing your armour.
You continue taking off your +0 ring mail. x4
You finish taking off your +0 ring mail.
You start putting on your armour.
You continue putting on your +0 chain mail. x5
You finish putting on your +0 chain mail.
Unknown command.
You drop a +0 ring mail.
n - 3 golden potions (gained 1) HP restored.
An endoplasm is nearby!
Unknown command.
You hit the endoplasm.
You kill the endoplasm!
No target in view!
No target in view!
You now have 174 gold pieces (gained 7).
You open the door.
There is an open door here.
You now have 185 gold pieces (gained 11).
Found 12 bolts.
Unknown command.
You see here 12 bolts.
Found a stone staircase leading down.
A quokka comes into view.
Found a scroll labelled OSIELANEW.
You see here 6 poisoned darts.
Unknown command.
d - 14 poisoned darts (gained 6)
The quokka bites you but does no damage.
You barely miss the quokka. Your headbutt misses the quokka.
The quokka completely misses you. The quokka closely misses you.
You slash the quokka!
You kill the quokka!
No target in view!
No target in view!
A rat comes into view.
Found 5 gold pieces.
Grinder shouts!
You hear an angry hiss.
The rat moves out of view.
An adder comes into view.
You slash Grinder! You headbutt Grinder.
Grinder is moderately wounded.
The rat bites you but does no damage. Grinder gestures at you.
You barely resist. You hit Grinder. You headbutt Grinder!
Grinder is heavily wounded.
The rat bites you. Grinder gestures at you. Pain shoots through your body!
You barely miss Grinder. You punch Grinder, but do no damage.
Grinder is heavily wounded.
The rat bites you but does no damage. Grinder hits you.
Grinder gestures at you.
You suddenly lose the ability to move!
The rat bites you but does no damage. The rat bites you but does no damage.
Grinder hits you. The rat bites you but does no damage.
Grinder hits you but does no damage.
You can move again.
Unknown command.
Unknown command.
Unknown command.
You hit the rat.
You kill the rat!
You barely miss the adder.
The adder bites you but does no damage. x2
You hit the adder. Lightning courses through the adder!
You kill the adder!
Grinder gestures at you.
You suddenly lose the ability to move!
Your Long Blades skill increases to level 1!
Your Throwing skill increases to level 3!
Grinder hits you but does no damage. Grinder gestures at you.
You barely resist. Grinder gestures at you. Pain shoots through your body!
Grinder hits you but does no damage. x2
Grinder says, "Make like a tree!"
Grinder hits you but does no damage.
You can move again.
Unknown command.
You barely miss Grinder. Your headbutt misses Grinder.
Grinder is heavily wounded.
Grinder gestures at you. Pain shoots through your body!
* * * LOW HITPOINT WARNING * * *
Unknown command.
Unknown command.
It was a potion of degeneration.
There was something very wrong with that liquid.
You feel weakened.
You feel dopey.
You feel clumsy. Grinder gestures at you.
You barely resist.
Unknown command.
Unknown command.
It was a potion of haste.
You feel yourself speed up.
Grinder says, "Tell me all your secrets, or I'll kill you."
Grinder hits you!
You die...

.#..# #....≈ ##.#..
+##### ##....# # #.#
#...$.##.##. #.#
#........... #.# #.....#
.... #.# #?...# #..# #.#
#5#.## #..# #.# #@#.#
#..# #.# #.#.#####..###.#
#.#.......<....#
#.#######..#####
..######.#######..#######
.........................
..######.#.#####..#######
...#># #......... ###.#.#
#.########


You could see Grinder.

Vanquished Creatures
  4 adders
  An orc (D:3)
  6 endoplasms
  2 giant cockroaches
  8 goblins
  4 hobgoblins
  3 quokkas
  3 ball pythons
  5 bats
  5 frilled lizards
  4 kobolds
  2 rats
47 creatures vanquished.

Notes
Turn   | Place    | Note
-------+----------+-------------------------------------------
     0 | D:1      | magipi the Minotaur Brigand began the quest for the Orb.
     0 | D:1      | Reached XP level 1. HP: 18/18 MP: 0/0
   215 | D:1      | Reached XP level 2. HP: 25/25 MP: 1/1
   237 | D:1      | Reached skill level 1 in Axes
  1033 | D:2      | Reached XP level 3. HP: 31/31 MP: 2/2
  1496 | D:2      | Reached XP level 4. HP: 23/38 MP: 3/3
  1671 | D:3      | Noticed Grinder
  1979 | D:3      | Paralysed by Grinder for 3 turns
  1985 | D:3      | Paralysed by Grinder for 7 turns
  1986 | D:3      | Reached skill level 1 in Long Blades
  1994 | D:3      | Slain by Grinder

Illustrated notes

Levels and vault maps discovered:
D:1:      elethiomel_arrival_maze, layout_basic, minmay_hexomino_p4
D:2:      layout_basic
D:3:      layout_loops_ring, serial_shops, shop_statue,
          shapermc_ecumenical_altar_venn, chequers_serial_rivers_room_a,
          uniq_grinder

Skill      XL: |  1  2  3  4 |
---------------+-------------+-----
Axes           | 1 2 |  2.7
Fighting       | 3 |  3.4
Long Blades    | 1 |  1.0
Throwing       | 3 |  3.0
Short Blades   | |  2.1
Dodging        | |  1.1
Stealth        | |  3.2

Action                   |  1- 3 |  4- 6 || total
-------------------------+-------+-------++-------
Melee: Dagger            |    92 |       ||    92
       Headbutt          |     6 |     4 ||    10
       Punch             |     1 |     1 ||     2
       Long sword        |       |    20 ||    20
Throw: Dart              |     4 |       ||     4
  Use: Potion            |       |     2 ||     2
 Stab: Sleeping          |     9 |       ||     9
       Distracted        |     1 |       ||     1
Armor: Robe              |    10 |       ||    10
       Ring mail         |    14 |     6 ||    20
       Chain mail        |       |    13 ||    13
Dodge: Dodged            |    52 |     5 ||    57
